 Dungeon Crawl Stone Soup version 0.29.1-13-g9f3cf754e1 (webtiles) character file.

Game seed: 646351019486485372

484 Thatpatchoflichen the Trooper (level 7, -5/61 HPs)
             Began as a Hill Orc Fighter on Feb 10, 2023.
             Slain by a black bear (7 damage)
             ... on level 5 of the Dungeon.
             The game lasted 00:11:28 (4101 turns).

Thatpatchoflichen the Trooper (Hill Orc Fighter)    Turns: 4101, Time: 00:11:29

Health: -5/61      AC: 11    Str: 21    XL:     7   Next: 12%
Magic:  7/7        EV: 13    Int:  8    God:
Gold:   296        SH:  5    Dex: 10    Spells: 6/6 levels left

rFire   . . .      SeeInvis .   a - +0 war axe
rCold   . . .      Faith    .   c - +0 buckler
rNeg    . . .      Spirit   .   b - +0 scale mail
rPois   .          Reflect  .   n - +2 hat
rElec   .          Harm     .   y - +0 cloak
rCorr   .          Rampage  .   m - +0 pair of gloves
Will    +....                   (no boots)
Stlth   ..........              (no amulet)
HPRegen 0.20/turn               h - +4 ring of evasion
MPRegen 0.10/turn               t - ring of willpower

@: no status effects
A: no striking features
a: no special abilities


You were on level 5 of the Dungeon.
You visited 1 branch of the dungeon, and saw 5 of its levels.

You collected 296 gold pieces.

Inventory:

Hand Weapons
 a - a +0 war axe (weapon)
Missiles
 z - 7 poisoned darts (quivered)
 B - 6 boomerangs
Armour
 b - a +0 scale mail (worn)
 c - a +0 buckler (worn)
 l - a +1 robe of willpower
 m - a +0 pair of gloves (worn)
 n - a +2 hat (worn)
 y - a +0 cloak (worn)
Jewellery
 h - a +4 ring of evasion (left hand)
 t - a ring of willpower (right hand)
 v - a ring of fire
 E - a ring of poison resistance
Scrolls
 e - 8 scrolls of identify {unknown}
 g - 2 scrolls of immolation {unknown}
 k - 4 scrolls of teleportation {unknown}
 p - a scroll of amnesia {unknown}
 q - a scroll of enchant weapon {unknown}
 u - 2 scrolls of magic mapping {unknown}
 A - a scroll of fear {unknown}
 D - a scroll of noise {unknown}
Potions
 d - a potion of might
 f - a potion of haste {unknown}
 i - a potion of curing {unknown}
 j - 2 potions of mutation {unknown}
 o - 2 potions of degeneration {unknown}
 r - 3 potions of magic {unknown}
 s - a potion of heal wounds {unknown}
 w - a potion of resistance {unknown}
 x - 2 potions of attraction {unknown}
 C - a potion of lignification {unknown}


   Skills:
 + Level 5.6 Fighting
 + Level 5.3 Axes
 + Level 5.1 Armour
 + Level 5.1 Shields


You had 6 spell levels left.
You didn't know any spells.
Your spell library contained the following spells:

 Spells                   Type           Power      Damage    Failure   Level
 Apportation              Tloc           0%         N/A       82%         1
 Necrotise                Necr           0%         1d4       82%         1
 Summon Small Mammal      Summ           0%         N/A       82%         1
 Confusing Touch          Hex            0%         N/A       99%         3
 Yara's Violent Unravell  Hex/Tmut       0%         3d3       100%        5
 Enfeeble                 Hex            0%         N/A       100%        7


Dungeon Overview and Level Annotations

Branches:
Dungeon (5/15)
 Temple: D:4-7

Altars:
Dithmenos
The Shining One

Shops:
D:5 =


Message History

You hit the black bear.
The black bear is heavily wounded.
The black bear bites you but does no damage.
The black bear closely misses you.
The black bear claws you but does no damage.
You slash the black bear!
The black bear is almost dead.
The black bear goes berserk!
You closely miss the black bear.
The black bear is almost dead.
You block the black bear's attack.
The black bear claws you but does no damage. x2
The black bear bites you.
* * * LOW HITPOINT WARNING * * *
The black bear claws you but does no damage.
The black bear closely misses you.
You hit the black bear but do no damage.
The black bear is almost dead.
The black bear bites you.
* * * LOW HITPOINT WARNING * * *
The black bear misses you. You block the black bear's attack.
The black bear bites you.
* * * LOW HITPOINT WARNING * * *
The black bear claws you.
* * * LOW HITPOINT WARNING * * *
The black bear barely misses you.
You closely miss the black bear.
The black bear is almost dead.
The black bear misses you. The black bear closely misses you.
The black bear claws you.
* * * LOW HITPOINT WARNING * * *
The black bear bites you.
* * * LOW HITPOINT WARNING * * *
The black bear misses you.
The black bear claws you but does no damage.
You barely miss the black bear.
The black bear is almost dead.
The black bear closely misses you. x2; You block the black bear's attack.
The black bear bites you!
You die...

+.>........#
##...†......##
..............#
.###...)......#
#..........#
#..........#
#...)......#
#.###h.#####
##+# #@.#####
#...##......#
#...†.∩.....#
#......##...#
#..##..# ...#
..... #.......#
..... ........#
.....
.######### ....
.


You could see a black bear (berserk).

Vanquished Creatures
  A black bear (D:4)
  A scorpion (D:5)
  A howler monkey (D:5)
  A jelly (D:5)
  Crazy Yiuf (D:3)
  2 iguanas (D:5)
  4 gnolls (D:2)
  6 adders
  An ufetubus (D:4)
  A worm (D:5)
  A dart slug (D:1)
  9 bats
  8 endoplasms
  A giant cockroach (D:3)
  5 goblins
  10 hobgoblins
  4 jackals (D:1)
  5 quokkas
  9 ball pythons
  A frilled lizard (D:2)
  8 kobolds
  5 rats
85 creatures vanquished.

Vanquished Creatures (others)
  4 fungi (D:2)
  7 plants
11 creatures vanquished.

Grand Total: 96 creatures vanquished

Notes
Turn   | Place    | Note
-------+----------+-------------------------------------------
     0 | D:1      | Thatpatchoflichen the Hill Orc Fighter began the quest for
                  | the Orb.
     0 | D:1      | Reached XP level 1. HP: 19/19 MP: 1/1
   128 | D:1      | Reached XP level 2. HP: 25/27 MP: 2/2
   182 | D:1      | Reached XP level 3. HP: 15/33 MP: 3/3
  1136 | D:2      | Found a faded altar of an unknown god.
  1251 | D:2      | Reached XP level 4. HP: 40/40 MP: 4/4
  1508 | D:2      | Reached XP level 5. HP: 47/47 MP: 5/5
  2470 | D:3      | Found a glowing golden altar of the Shining One.
  2515 | D:3      | Found a runed translucent door.
  2516 | D:3      | Noticed Crazy Yiuf
  2733 | D:3      | Killed Crazy Yiuf
  3042 | D:4      | Found a shadowy altar of Dithmenos.
  3159 | D:4      | Noticed a black bear
  3177 | D:4      | Killed a black bear
  3178 | D:4      | Reached skill level 5 in Fighting
  3178 | D:4      | Reached XP level 6. HP: 46/56 MP: 6/6
  3874 | D:5      | Entered Level 5 of the Dungeon
  3939 | D:5      | Reached skill level 5 in Axes
  3941 | D:5      | Reached skill level 5 in Armour
  3941 | D:5      | Reached skill level 5 in Shields
  4030 | D:5      | Reached XP level 7. HP: 31/61 MP: 7/7
  4034 | D:5      | Found Ryatueja's Jewellery Boutique.
  4100 | D:5      | HP: 1/61 [black bear (5)]
  4101 | D:5      | Slain by a black bear

Illustrated notes

Levels and vault maps discovered:
D:1:      dreamdust_arrival_beginning_and_end, layout_loops_ring, serial_forest,
          infiniplex_forest_straight_4, infiniplex_forest_clump_medium,
          infiniplex_forest_lined_room_2, infiniplex_forest_clump_double,
          infiniplex_forest_lined_3, infiniplex_forest_lined_corner,
          minmay_small_reverse_x
D:2:      layout_loops_ring, shapermc_ecumenical_altar_mp_ritualfount
D:3:      layout_loops_ring, tso_oasis_becter, chequers_arboretum,
          dreamdust_princess_bridge, nicolae_concentric_dashed_squares_mild,
          kennysheep_path_1, minmay_distorted, uniq_crazy_yiuf_cottage
D:4:      layout_loops_ring, mainiacjoe_overflow_small_starburst, serial_bayou,
          serial_bayou_shore_a, serial_bayou_lake_a, serial_bayou_ford_a,
          serial_bayou_pond_b, hangedman_decor_growths
D:5:      minmay_bubble_buster, layout_basic,
          chequers_temple_overflow_statue_of_worship, portal_sewer_entry_b,
          serial_shops, nicolae_lakefront_shop,
          nicolae_shop_bloodbath_and_beyond, nicolae_square_shop,
          nicolae_shop_stone, nicolae_lakefront_shop, nicolae_zen_rock_garden

Skill      XL: |  1  2  3  4  5  6 |
---------------+-------------------+-----
Axes           | 3 4 5 |  5.3
Fighting       | 4 5 |  5.6
Shields        | 4 5 |  5.1
Armour         | 4 5 |  5.1

Action                   |  1- 3 |  4- 6 |  7- 9 || total
-------------------------+-------+-------+-------++-------
Melee: War axe           |    84 |   165 |    24 ||   273
Armor: Scale mail        |    49 |    91 |    23 ||   163
Dodge: Dodged            |    62 |   182 |    25 ||   269
Block: Buckler           |    23 |    43 |     8 ||    74
